 Dungeon Crawl Stone Soup version 0.18-a0-721-g8fc53f4 (webtiles) character file.

25160 Sixotanaka the Devastator (level 13, -1/86 HPs)
             Began as an Octopode Conjurer on Dec 9, 2015.
             Was a High Priest of Vehumet.
             Killed from afar by an ice dragon (49 damage)
             ... with a blast of cold
             ... in an ice cave.
             The game lasted 01:08:47 (20925 turns).

Sixotanaka the Devastator (Octopode Conjurer)      Turns: 20925, Time: 01:08:47

Health: -1/86      AC: 12    Str:  9    XL:     13   Next: 17%
Magic:  9/27       EV: 16    Int: 22    God:    Vehumet [*****.]
Gold:   926        SH:  0    Dex: 18    Spells: 7 memorised, 8 levels left

rFire  . . .     SeeInvis .     b - +2 short sword (protect)
rCold  . . .     Clarity  .     (no shield)
rNeg   + . .     SustAt   .     X - +2 hat
rPois  +         Gourm    .     (no amulet)
rElec  .         Spirit   .     t - +4 ring of protection
rCorr  .         Dismiss  .     l - ring of positive energy
rMut   .         Stasis   .     Q - ring of Kugecuc {MR+ Str+2 Dex+5 Stlth-}
MR     +....                    V - ring of poison resistance
Stlth  +++.......               (no ring)
                                (no ring)
                                (no ring)
                                (no ring)

@: somewhat resistant to hostile enchantments, fairly stealthy
A: almost no armour, amphibious, 8 rings, constrict 8, camouflage 1, gelatinous
body 1
a: Renounce Religion


You were in an ice cave.
You worshipped Vehumet.
Vehumet was extremely pleased with you.
You were not hungry.

You visited 3 branches of the dungeon, and saw 16 of its levels.
You also visited: Labyrinth and Ice Cave.

You collected 1026 gold pieces.
You spent 100 gold pieces at shops.


Innate Abilities, Weirdness & Mutations

You cannot wear most types of armour.
You are amphibious.
You can wear up to eight rings at the same time.
You can use your tentacles to constrict eight enemies at once.
Your skin changes colour to match your surroundings (Stealth).
Your rubbery body absorbs attacks (AC +1).


   Skills:
 + Level 7.0 Fighting
 - Level 5.5 Dodging
 - Level 2.6 Stealth
 + Level 10.2 Spellcasting
 - Level 15.4 Conjurations
 - Level 3.2 Hexes
 - Level 4.0 Charms
 - Level 3.4 Evocations


You had 8 spell levels left.
You knew the following spells:

 Your Spells              Type           Power        Failure   Level  Hunger
c - Dazzling Spray        Conj/Hex       ######..     1%          3    None
v - Sticky Flame          Conj/Fire      #####...     1%          4    ##.....
x - Searing Ray           Conj           ######       0%          2    None
y - Bolt of Magma         Conj/Fire/Erth ####......   5%          5    ####...
z - Magic Dart            Conj           ####         0%          1    None
X - Fulminant Prism       Conj/Hex       ######....   1%          4    ##.....
Z - Iskenderun's Battles  Conj/Chrm      ######..     1%          5    ####...


Dungeon Overview and Level Annotations

Branches:
Dungeon (10/15)            Temple (1/1) D:5            Lair (5/8) D:10
 Shoals (0/4) Lair:4       Spider (0/4) Lair:5
    Orc: D:9-12

Altars:
Ashenzari
Cheibriados
Fedhas
Kikubaaqudgha
Makhleb
Nemelex Xobeh
Pakellas
Qazlal
Ru
Sif Muna
Vehumet
Zin
The Shining One

Shops:
D:7 (   D:8 *   D:9 }*

Annotations:
D:6 exclusion: centaur

Inventory:

Hand Weapons
 b - a +2 short sword of protection (weapon)
   (You took it off an orc on level 8 of the Dungeon)
 R - the +9 quarterstaff of Agony {freeze, Int+3}
   (You found it on level 8 of the Dungeon)

   It has been specially enchanted to freeze those struck by it, causing extra
   injury to most foes and up to half again as much damage against particularly
   susceptible opponents.
   It can also slow down cold-blooded creatures.
   It affects your intelligence (+3).
Missiles
 j - 7 curare-tipped needles
 q - 4 needles of frenzy
Armour
 X - a +2 hat (worn)
Magical Staves
 a - an uncursed staff of wizardry {!a}
Jewellery
 l - a ring of positive energy (right tentacle)
 p - an uncursed ring of fire
 t - a +4 ring of protection (left tentacle)
 P - the amulet of Divine Intervention {Inacc +Blink Dex+6}
   (You found it in a labyrinth)

   [amulet of inaccuracy]

   It reduces the accuracy of all your attacks.
   It affects your dexterity (+6).
   It lets you blink.
 Q - the ring of Kugecuc (on tentacle) {MR+ Str+2 Dex+5 Stlth-}
   (You found it on level 1 of the Lair of Beasts)

   [ring of loudness]

   It affects your strength (+2).
   It affects your dexterity (+5).
   It affects your resistance to hostile enchantments.
   It makes you less stealthy.
 V - a ring of poison resistance (on tentacle)
Wands
 f - a wand of draining (6)
 g - a wand of confusion (25)
 C - a wand of heal wounds (9) {@v2}
 I - a wand of draining (6)
 L - a wand of random effects (23)
 S - a wand of cold (5)
 U - a wand of digging (13)
 W - a wand of polymorph (15)
Scrolls
 d - 2 scrolls of fear {unknown}
 r - 4 scrolls of teleportation {@r4}
 u - a scroll of holy word {unknown}
 v - 3 scrolls of recharging
 y - 6 scrolls of fog
 z - 8 scrolls of remove curse {@r2}
 K - 2 scrolls of vulnerability {!r}
 M - 2 scrolls of torment {unknown}
 T - 2 scrolls of silence
Potions
 c - 3 potions of cure mutation
 e - a potion of might {unknown}
 h - 3 potions of lignification {!q}
 k - a potion of magic
 m - a potion of mutation {unknown}
 n - a potion of poison {unknown}
 s - 2 potions of invisibility
 w - a potion of beneficial mutation {unknown}
 x - 4 potions of agility
 A - 4 potions of curing {@q1}
 D - a potion of ambrosia {unknown}
 E - a potion of haste {unknown}
 H - 2 potions of cancellation
 J - a potion of degeneration {unknown}
 N - a potion of brilliance {unknown}
Miscellaneous
 Y - a fan of gales
Comestibles
 i - 9 beef jerkies
 B - 5 bread rations
 O - 5 slices of pizza

#≈≈≈#.D###
##≈##....## ##
#.##..# ###..##
##..## # #..## ##
#.### ###. #..D######
######...
##.#@#...####..##..##
##....#..#..#....##
#######...####.##
##...## ### #....#
##..## ####


You could see an ice dragon (burning).


Message History

You now have 871 gold pieces (gained 24).
Found 43 gold pieces.
Found 12 gold pieces.
You now have 890 gold pieces (gained 19).
You now have 914 gold pieces (gained 24).
You now have 926 gold pieces (gained 12).
Found a granite ring.
Found a diamond ring.
Found a wavering brass ring. 2 ice dragons and 2 ice beasts come into view.
Found 90 gold pieces, a ring of fire and a granite ring.
The ice dragon breathes frost at you. The blast of cold misses you.
The ice dragon breathes frost at you. The blast of cold hits you!
Found 93 gold pieces.
You see here a granite ring.
Casting: Bolt of Magma
Aiming: Fulminant Prism You conjure a prism of explosive energy!
Your fulminant prism crackles loudly.
Something bites your fulminant prism but does no damage.
Something claws your fulminant prism.
Something tramples your fulminant prism.
The blast of energy engulfs the ice beast.
Casting: Fulminant Prism
Okay, then.
Casting: Fulminant Prism You conjure a globe of magical energy.
You swap places.
The ice dragon bites your battlesphere! The ice dragon claws your battlesphere.
The ice dragon tramples your battlesphere!
Your battlesphere holds its ground!
Your battlesphere is destroyed!
Casting: Iskenderun's Battlesphere
Aiming: Bolt of Magma
Aim: an ice dragon The bolt of magma hits the ice dragon.
The ice dragon is burned terribly!
Casting: Bolt of Magma
Aiming: Sticky Flame
Aim: an ice dragon (lightly wounded)
The sticky flame hits the ice dragon.
The ice dragon is burned terribly!
The ice dragon is covered in liquid flames!
The ice dragon burns!
The ice dragon breathes frost at you. The blast of cold hits you!
* * * LOW HITPOINT WARNING * * *
The ice dragon burns!
The ice dragon burns!
Casting: Sticky Flame
Aiming: Sticky Flame
Aim: an ice dragon (heavily wounded, covered in liquid flames)
The sticky flame hits the ice dragon.
The ice dragon appears unharmed.
The ice dragon is covered in liquid flames!
The ice dragon burns!
The ice dragon breathes frost at you. The blast of cold hits you!
* * * LOW HITPOINT WARNING * * *
Drink which item? (? for menu, Esc to quit)
You feel much better.
The ice dragon burns!
The ice dragon bites you!
* * * LOW HITPOINT WARNING * * *
The ice dragon claws you!
* * * LOW HITPOINT WARNING * * *
The ice dragon tramples you but does no damage.
Drink which item? (? for menu, Esc to quit)
You feel much better.
The ice dragon burns!
The ice dragon breathes frost at you. The blast of cold hits you!
Ouch! That really hurt!
You die...

Action                   |  1- 3 |  4- 6 |  7- 9 | 10-12 | 13-15 || total
-------------------------+-------+-------+-------+-------+-------++-------
Melee: Dagger            |     8 |       |       |       |       ||     8
       Short sword       |     6 |    30 |       |    59 |     1 ||    96
       Trident           |       |     4 |   102 |       |       ||   106
       Quarterstaff      |       |       |     7 |    50 |       ||    57
 Cast: Magic Dart        |    64 |    78 |   167 |   334 |    14 ||   657
       Searing Ray       |     2 |     3 |    20 |    24 |       ||    49
       Dazzling Spray    |       |     9 |    41 |    32 |     1 ||    83
       Fulminant Prism   |       |       |    18 |    31 |    16 ||    65
       Iskenderun's Batt |       |       |       |    45 |     3 ||    48
       Sticky Flame      |       |       |       |    47 |     9 ||    56
       Bolt of Magma     |       |       |       |    27 |     8 ||    35
  Use: Scroll            |     5 |     5 |     3 |    16 |     1 ||    30
       Potion            |       |       |     1 |       |     2 ||     3
 Stab: Sleeping          |     2 |     4 |     2 |     4 |       ||    12
       Invisible         |       |     5 |     1 |     4 |     1 ||    11
  Eat: Chunk             |     3 |     7 |     8 |    28 |     1 ||    47
       Bread ration      |       |     1 |     2 |       |     1 ||     4
       Royal jelly       |       |       |     1 |       |       ||     1
       Meat ration       |       |       |     1 |     7 |       ||     8
       Beef jerky        |       |       |     1 |       |     1 ||     2
       Fruit             |       |       |       |     1 |       ||     1

Vault maps used:
D:1:      zelgadis_glass_arrival_large, serial_glass, glass_columns_b,
          glass_columns_a, glass_columns_b, glass_columns_a, glass_columns_b,
          glass_columns_a, hangedman_decor_clover_reticule,
          grunt_decor_one_mirror, st_stairs_3
D:4:      uniq_eustachio, uniq_blork_the_orc
D:5:      nemelex_deck, minmay_temple_entry_hall, first_bread
D:6:      serial_shops, kennysheep_little_box, cheibriados_altar_1
D:7:      lemuel_doored_altar, nicolae_overflow_crystal_walls, basic_altar,
          serial_shops, shop, uniq_menkaure
D:8:      nicolae_tso_besieged_by_evil, serial_shops, nicolae_shop_behind_doors,
          uniq_pikel
D:9:      johnstein_pakellas_shop, gammafunk_temple_overflow_forgotten,
          serial_shops, nicolae_shop_waterfront
D:10:     minmay_distorted_concentric_squares, dpeg_oklobed_lair, serial_shops,
          shop, hangedman_stone_soup, minmay_misc_feat_chi,
          lightli_corner_chamber
Temple:   triangle_lava_temple_12
Lair:1:   lab_entry_generic, lemuel_fruit_fields
Lair:2:   ice2_lemuel
Lair:3:   kennysheep_abandoned_house, st_stairs_9, minivault_23,
          beast_lair_carwin_10
Lair:4:   minmay_shoals_entry_lonely_mermaid
Lair:5:   spider_nest_entry_rubble, portal_ice_cave_entry_pillars_02,
          lemuel_fruit_tree
Lab:      labyrinth_spiral, nicolae_lab_diamond, nicolae_lab_hexagon,
          nicolae_lab_lava, nicolae_lab_blocks, nicolae_lab_plus,
          labyrinth_skeletal_remains
IceCv:    ice_cave_small_dragons

Notes
Turn   | Place    | Note
--------------------------------------------------------------
     0 | D:1      | Sixotanaka the Octopode Conjurer began the quest for the Orb.
     0 | D:1      | Reached XP level 1. HP: 11/11 MP: 3/3
   221 | D:1      | Reached XP level 2. HP: 15/17 MP: 0/5
   807 | D:1      | Reached XP level 3. HP: 21/21 MP: 1/6
   891 | D:2      | Learned a level 2 spell: Searing Ray
   895 | D:2      | Learned a level 3 spell: Dazzling Spray
   921 | D:2      | Reached skill level 5 in Conjurations
  1436 | D:2      | Reached XP level 4. HP: 27/27 MP: 1/7
  2312 | D:3      | Reached skill level 6 in Conjurations
  2387 | D:3      | Noticed Guenter's ghost (weakling VSGl)
  2693 | D:3      | Reached XP level 5. HP: 31/31 MP: 0/8
  2983 | D:3      | Reached skill level 7 in Conjurations
  2983 | D:3      | Reached XP level 6. HP: 29/36 MP: 3/9
  3029 | D:4      | Noticed Eustachio
  3433 | D:4      | Reached skill level 8 in Conjurations
  3523 | D:4      | Reached XP level 7. HP: 18/41 MP: 1/10
  4081 | D:4      | Noticed Blork the orc
  4203 | D:4      | HP: 10/41 [poisoned by a worker ant]
  4211 | D:4      | HP: 9/41 [poisoned by a worker ant]
  4494 | D:4      | Killed Blork the orc
  4932 | D:4      | Reached skill level 9 in Conjurations
  4967 | D:4      | Learned a level 4 spell: Fulminant Prism
  5264 | D:4      | Reached skill level 1 in Hexes
  5365 | D:5      | Entered Level 5 of the Dungeon
  5514 | D:5      | HP: 7/41 [centaur (7)]
  5519 | D:5      | Reached skill level 2 in Hexes
  5519 | D:5      | Reached XP level 8. HP: 13/46 MP: 2/11
  5739 | D:5      | Found a staircase to the Ecumenical Temple.
  5747 | Temple   | Entered the Ecumenical Temple
  5752 | Temple   | Became a worshipper of Vehumet
  5773 | D:5      | HP: 11/46 [ice beast (14)]
  6017 | D:5      | Reached skill level 3 in Hexes
  6144 | D:5      | Found a sparkling altar of Nemelex Xobeh.
  6721 | D:6      | Reached skill level 10 in Conjurations
  7007 | D:6      | Reached skill level 3 in Spellcasting
  7510 | D:6      | Found a snail-covered altar of Cheibriados.
  7592 | D:6      | Reached XP level 9. HP: 51/51 MP: 2/14
  7787 | D:7      | Reached skill level 4 in Spellcasting
  7926 | D:7      | Reached * piety under Vehumet
  7926 | D:7      | Offered knowledge of Flame Tongue by Vehumet.
  7929 | D:7      | Reached skill level 11 in Conjurations
  8170 | D:3      | Killed Guenter's ghost
  8238 | D:3      | Killed Eustachio
  8593 | D:7      | Found Asymeshi's Antique Weapon Shop.
  8606 | D:7      | Learned a level 5 spell: Iskenderun's Battlesphere
  8640 | D:7      | Found a burning altar of Makhleb.
  8934 | D:7      | Reached skill level 5 in Spellcasting
  9117 | D:7      | Noticed Menkaure
  9119 | D:7      | Killed Menkaure
  9231 | D:7      | Found a sacrificial altar of Ru.
  9641 | D:7      | Found a stormy altar of Qazlal.
  9819 | D:8      | Offered knowledge of Throw Frost by Vehumet.
  9876 | D:8      | Reached ** piety under Vehumet
  9877 | D:8      | Reached skill level 12 in Conjurations
 10132 | D:8      | Got a jewelled quarterstaff
 10133 | D:8      | Identified the +9 quarterstaff of Agony {freeze, Int+3} (You found it on level 8 of the Dungeon)
 10230 | D:8      | Reached skill level 1 in Charms
 10230 | D:8      | Reached XP level 10. HP: 54/56 MP: 14/18
 10260 | D:8      | Found a glowing golden altar of the Shining One.
 10458 | D:8      | Noticed Pikel
 10459 | D:8      | Reached skill level 6 in Spellcasting
 10459 | D:8      | Reached skill level 2 in Charms
 10483 | D:8      | Killed Pikel
 10483 | D:8      | Offered knowledge of Mephitic Cloud by Vehumet.
 10483 | D:8      | Reached skill level 3 in Charms
 10719 | D:8      | Found Cekkox's Assorted Antiques.
 11419 | D:9      | Reached *** piety under Vehumet
 11568 | D:9      | Reached skill level 4 in Charms
 12041 | D:9      | Found an oddly glowing altar of Pakellas.
 12041 | D:9      | Found Pakellas's Prime Provisions.
 12081 | D:9      | Found Zuix's Assorted Antiques.
 12089 | D:9      | Bought a scroll of teleportation for 60 gold pieces
 12089 | D:9      | Bought a scroll of identify for 40 gold pieces
 12128 | D:9      | Reached skill level 3 in Dodging
 12328 | D:9      | Found a deep blue altar of Sif Muna.
 12328 | D:9      | Found a glowing silver altar of Zin.
 12329 | D:9      | Found an ancient bone altar of Kikubaaqudgha.
 12587 | D:10     | Entered Level 10 of the Dungeon
 12684 | D:10     | Offered knowledge of Sticky Flame by Vehumet.
 12691 | D:10     | Learned a level 4 spell: Sticky Flame
 12729 | D:10     | Noticed a hill giant
 12766 | D:10     | Found a staircase to the Lair.
 12835 | Lair:1   | Entered Level 1 of the Lair of Beasts
 12883 | Lair:1   | Reached skill level 13 in Conjurations
 12891 | Lair:1   | Reached skill level 4 in Dodging
 12892 | Lair:1   | Reached XP level 11. HP: 57/61 MP: 10/21
 12987 | Lair:1   | Reached skill level 5 in Dodging
 13091 | Lair:1   | Found a labyrinth entrance.
 13099 | Lab      | Entered a labyrinth
 13428 | Lab      | Noticed a minotaur
 13438 | Lab      | Killed a minotaur
 13464 | Lab      | Got a fine garnet amulet
 13464 | Lab      | Identified the Incunabulum of the Lethal Rocks
 13669 | Lair:1   | Reached skill level 14 in Conjurations
 13765 | Lair:1   | Reached **** piety under Vehumet
 13847 | Lair:1   | Got a faintly glowing ivory ring
 13848 | Lair:1   | Identified the ring of Kugecuc {MR+ Str+2 Dex+5 Stlth-} (You found it on level 1 of the Lair of Beasts)
 13987 | Lair:2   | Reached skill level 7 in Spellcasting
 14284 | Lair:2   | Identified the amulet of Divine Intervention {Inacc +Blink Dex+6} (You found it in a labyrinth)
 14322 | Lair:2   | Noticed an ice dragon
 14333 | Lair:1   | Reached skill level 1 in Evocations
 14623 | Lair:2   | Offered knowledge of Lee's Rapid Deconstruction by Vehumet.
 14860 | Lair:2   | Reached skill level 2 in Evocations
 15330 | Lair:1   | Reached skill level 3 in Evocations
 15362 | Lair:1   | Learned a level 5 spell: Bolt of Magma
 16049 | Lair:3   | Reached XP level 12. HP: 64/66 MP: 2/23
 16231 | Lair:3   | Reached skill level 15 in Conjurations
 16396 | Lair:3   | Reached ***** piety under Vehumet
 16472 | Lair:3   | Offered knowledge of Lightning Bolt by Vehumet.
 17466 | Lair:4   | Reached skill level 1 in Fighting
 17586 | Lair:4   | Reached skill level 8 in Spellcasting
 17610 | Lair:4   | Noticed an eight-headed hydra
 17624 | Lair:4   | Killed an eight-headed hydra
 17624 | Lair:4   | Reached skill level 2 in Fighting
 17931 | Lair:4   | Reached skill level 3 in Fighting
 18059 | Lair:4   | Found a staircase to the Shoals.
 18617 | Lair:4   | Noticed a seven-headed hydra
 18622 | Lair:4   | Killed a seven-headed hydra
 18622 | Lair:4   | Reached skill level 4 in Fighting
 18802 | Lair:4   | Reached skill level 9 in Spellcasting
 18984 | Lair:4   | Reached skill level 5 in Fighting
 19762 | Lair:4   | Reached skill level 6 in Fighting
 19808 | Lair:4   | Reached XP level 13. HP: 61/83 MP: 1/26
 20139 | Lair:5   | Found a frozen archway.
 20148 | IceCv    | Entered an ice cave
 20153 | IceCv    | Reached skill level 10 in Spellcasting
 20593 | IceCv    | Reached skill level 7 in Fighting
 20923 | IceCv    | HP: 17/86 [ice dragon/blast of cold (24)]
 20925 | IceCv    | Killed from afar by an ice dragon

Vanquished Creatures
  A minotaur (Lab)
  2 hydras (Lair:4)
  Pikel (D:8)
  A griffon (Lair:4)
  7 elephants
  A black mamba (Lair:4)
  A siren (Lair:4)
  2 ice statues (IceCv)
  8 spiny frogs
  4 komodo dragons
  4 polar bears
  3 blink frogs (Lair:3)
  2 basilisks
  2 hippogriffs
  A deep elf mage (D:10)
  18 yaks
  Eustachio (D:3)
  Menkaure (D:7)
  5 hungry ghosts
  3 wolves
  11 porcupines
  An orc warrior (D:7)
  4 water moccasins
  4 black bears
  19 ice beasts
  2 slaves (D:8)
  A necrophage (D:10)
  2 centaurs
  8 ogres
  5 sky beasts
  2 phantoms
  6 crocodiles
  Blork the orc (D:4)
  13 giant frogs
  3 scorpions
  6 killer bees (D:7)
  2 giant frog zombies
  5 crimson imps
  2 jellies (D:8)
  The ghost of Guenter the Chopper, a weakling VSGl (D:3)
  A gnoll shaman (D:4)
  2 quasits
  5 hounds
  2 giant frog skeletons
  A centaur skeleton (D:5)
  2 centaur zombies
  4 iguanas
  5 worker ants
  4 orc priests
  12 hell rats
  7 orc wizards
  A sheep (Lair:3)
  2 hound zombies
  A hound skeleton (D:8)
  16 adders
  11 gnolls
  33 river rats
  A white imp (Lair:2)
  A shadow imp (D:9)
  An ooze (D:6)
  2 adder skeletons (D:4)
  3 worms
  8 giant geckos
  21 orcs
  10 bats
  16 hobgoblins
  4 jackals (D:7)
  10 kobolds
  4 quokkas
  2 ball pythons
  4 giant cockroaches
  A giant gecko skeleton (D:4)
  6 giant newts
  11 goblins
  A goblin skeleton (D:8)
  2 goblin zombies (D:8)
  A hobgoblin zombie (D:8)
  2 kobold skeletons (D:8)
  2 kobold zombies (D:8)
  An orc zombie (D:8)
  A quokka skeleton (D:6)
  21 rats
  A butterfly (Lair:1)
  A plant (D:10)
413 creatures vanquished.

Vanquished Creatures (others)
  2 slaves (D:8)
  An orc wizard (D:4)
  65 fulminant prisms
  4 fungi (Lair:4)
  5 plants
77 creatures vanquished.

Grand Total: 490 creatures vanquished
